 Dungeon Crawl Stone Soup version 0.31-a0-256-g80acddb972 (webtiles) character file.

Game seed: 14745273120164915197

2636 qw the Skirmisher (level 9, -9/79 HPs)
             Began as a Minotaur Hexslinger on July 12, 2023.
             Mangled by an ice beast (11 damage)
             ... summoned by an ice statue
             ... on level 8 of the Dungeon.
             The game lasted 00:02:48 (7611 turns).

qw the Skirmisher (Minotaur Hexslinger)             Turns: 7611, Time: 00:02:48

Health: -9/79      AC:  6    Str:  9 (12) XL:     9   Next: 35%
Magic:  10/10      EV: 13    Int:  7 (10) God:
Gold:   236        SH:  0    Dex: 16 (18) Spells: 9/10 levels left

rFire   . . .        Y - +1 orcbow
rCold   . . .        (shield currently unavailable)
rNeg    . . .        p - +1 leather armour {rPois}
rPois   +            (helmet restricted)
rElec   .            m - +0 cloak
rCorr   .            (no gloves)
SInv    .            d - +0 pair of boots
Will    .....        h - amulet of faith
Stlth   +            (no ring)
HPRegen 0.33/turn    (no ring)
MPRegen 0.12/turn

%: faith
@: no status effects
A: horns 2, retaliatory headbutt, high MP 1
a: no special abilities


You were on level 8 of the Dungeon.
You visited 2 branches of the dungeon, and saw 9 of its levels.

You collected 368 gold pieces.
You spent 132 gold pieces at shops.


Innate Abilities, Weirdness & Mutations

You have a pair of horns on your head.
You reflexively headbutt those who attack you in melee.
You have an increased reservoir of magic. (+10% MP)


   Skills:
 - Level 7.0 Fighting
 + Level 11.3 Ranged Weapons
 - Level 2.7 Armour
 - Level 5.1 Dodging
 - Level 1.0 Spellcasting
 - Level 2.0 Hexes


You had 9 spell levels left.
You knew the following spells:

 Your Spells              Type           Power      Damage    Failure   Level
a - Slow                  Hex            12%        N/A       26%         1

Your spell library contained the following spells:

 Spells                   Type           Power      Damage    Failure   Level
 Inner Flame              Hex/Fire       1%         N/A       75%         3
 Portal Projectile        Hex/Tloc       2%         N/A       75%         3
 Cause Fear               Hex            1%         N/A       94%         4

Inventory:

Hand Weapons
 Y - a +1 orcbow (weapon)
Armour
 d - a +0 pair of boots (worn)
 f - a +1 ring mail of willpower
 m - a +0 cloak (worn)
 p - a +1 leather armour of poison resistance (worn)
Jewellery
 h - an amulet of faith (around neck)
Scrolls
 c - a scroll of identify
Potions
 a - 3 potions of mutation
 b - 2 potions of haste
 g - a potion of heal wounds {unknown}
 i - a potion of enlightenment {unknown}
 k - 2 potions of might
 l - a potion of magic {unknown}
 n - a potion of curing {unknown}

Dungeon Overview and Level Annotations

Branches:
Dungeon (8/15)             Temple (1/1) D:5
   Lair: D:8-11

Altars:
Ashenzari
Cheibriados
Dithmenos
Elyvilon
Fedhas
Gozag
Hepliaklqana
Makhleb
Nemelex Xobeh
Ru
Sif Muna
Uskayaw
Vehumet
Wu Jian
Yredelemnul
Zin

Shops:
D:5 [

Annotations:
D:3 1 runed translucent door, Crazy Yiuf
D:8 exclusion: ice statue


Message History

The ice statue glitters chillingly in the dim dungeon light.
The ice beast hits you but does no damage.
You shoot an arrow. The arrow closely misses the ice beast.
The ice beast barely misses you. x2
You shoot an arrow.
The arrow hits the ice beast but does no damage.
The ice beast is almost dead.
The ice beast hits you. The ice beast freezes you!
The ice beast hits you but does no damage.
The ice beast attacks as you move away! The ice beast completely misses you.
You shoot an arrow.
The arrow hits the ice beast but does no damage.
The ice beast is almost dead.
The ice beast hits you but does no damage.
The ice beast completely misses you.
You shoot an arrow. The arrow hits the ice beast!
You kill the ice beast!
The ice beast disappears in a puff of smoke!
The ice beast hits you. The ice beast freezes you!
You shoot an arrow. The arrow barely misses the ice beast.
The ice beast hits you but does no damage.
You shoot an arrow. The arrow closely misses the ice beast.
The arrow hits the ice beast.
The ice beast is lightly wounded.
The ice beast hits you. The ice beast freezes you!
You shoot an arrow. The arrow hits the ice beast!
The ice beast is heavily wounded.
The ice beast barely misses you.
The ice beast hits you but does no damage.
You shoot an arrow. The arrow closely misses the ice beast.
The ice beast barely misses you. You furiously retaliate!
You headbutt the ice beast.
The ice beast hits you but does no damage.
You shoot an arrow. The arrow barely misses the ice beast.
The ice beast barely misses you. The ice beast hits you.
The ice beast freezes you!
You shoot an arrow. The arrow hits the ice beast.
The ice beast is severely wounded.
The ice beast hits you. The ice beast freezes you!
You die...

#~~~~~# #.....#
#.....########
#..$..##.....#
#.....######.#
#.....######.##
#.##}...}##..<...#
#......YY..###..#
##.####@#### #..#
# #.# #..# #.#
#..# #.. ...# ###
##.. #>


You could see 2 ice beasts.

Vanquished Creatures
  A shadow (D:7)
  A steam dragon (D:7)
  A water moccasin (D:4)
  2 black bears
  An ice beast (D:6)
  A sky beast (D:7)
  An ogre (D:5)
  A centaur (D:6)
  2 phantoms
  2 kobold brigands (D:7)
  2 bullfrogs (D:7)
  5 scorpions
  A howler monkey (D:7)
  4 orc priests
  A gnoll bouda (D:7)
  2 hounds (D:5)
  6 jellies
  2 sleepcaps
  Jessica (D:3)
  4 iguanas
  2 orc wizards (D:5)
  11 gnolls
  11 adders
  A shadow imp (D:7)
  A white imp (D:7)
  A worm (D:2)
  2 dart slugs
  24 orcs
  3 bats
  15 endoplasms
  4 giant cockroaches
  9 hobgoblins
  7 jackals (D:4)
  6 quokkas
  4 ball pythons
  4 frilled lizards
  5 goblins
  16 kobolds
  3 rats
170 creatures vanquished.

Notes
Turn   | Place    | Note
-------+----------+-------------------------------------------
     0 | D:1      | qw the Minotaur Hexslinger began the quest for the Orb.
     0 | D:1      | Reached XP level 1. HP: 16/16 MP: 1/1
     0 | D:1      | 0 ||| qw: Version: 0.3-a-52-g30416fa
     0 | D:1      | 0 ||| qw: Game counter: 6727
     0 | D:1      | 0 ||| qw: Melee chars always use a shield: true
     0 | D:1      | 0 ||| qw: God list: Okawaru
     0 | D:1      | 0 ||| qw: Allow faded altars: false
     0 | D:1      | 0 ||| qw: Do Orc after clearing Dungeon:15 true
     0 | D:1      | 0 ||| qw: Do second Lair branch before Depths: true
     0 | D:1      | 0 ||| qw: Lair rune preference: random
     0 | D:1      | 0 ||| qw: Goals: Normal
     0 | D:1      | 0 ||| PLANNING D:1-11
   222 | D:1      | Reached skill level 3 in Ranged Weapons
   242 | D:1      | Reached XP level 2. HP: 23/23 MP: 2/2
   480 | D:1      | 480 ||| UPGRADING to +0 pair of boots.
   485 | D:1      | 485 ||| DROPPING scroll of poison.
   494 | D:2      | Found a glowing silver altar of Zin.
   588 | D:2      | Reached XP level 3. HP: 22/29 MP: 3/3
   702 | D:2      | Reached skill level 4 in Ranged Weapons
   844 | D:2      | Reached XP level 4. HP: 33/36 MP: 4/4
  1258 | D:2      | Reached skill level 5 in Ranged Weapons
  1328 | D:2      | Reached skill level 3 in Fighting
  1336 | D:2      | HP: 8/38 [acid (8)]
  1338 | D:2      | Reached XP level 5. HP: 10/45 MP: 5/5
  1806 | D:2      | 1806 ||| UPGRADING to +1 ring mail of willpower.
  1816 | D:2      | 1816 ||| DROPPING +0 robe.
  1817 | D:2      | 1817 ||| UPGRADING to amulet of guardian spirit.
  1822 | D:2      | 1822 ||| READING scroll labelled KUELIG DAU.
  1823 | D:2      | 1823 ||| READING scroll labelled UPINEY LUZY.
  1824 | D:2      | 1824 ||| DRINKING 2 yellow potions.
  1835 | D:3      | Noticed Jessica
  1836 | D:3      | 1836 ||| PLANNING SEWER
  1837 | D:3      | Killed Jessica
  1838 | D:3      | Reached skill level 1 in Armour
  2221 | D:3      | Found a faded altar of an unknown god.
  2466 | D:3      | Found a runed translucent door.
  2467 | D:3      | Noticed Crazy Yiuf
  2486 | D:3      | 2486 ||| RIP SEWER
  2511 | D:3      | 2511 ||| PLANNING D:1-11
  2807 | D:3      | 2807 ||| UPGRADING to amulet of faith.
  2817 | D:3      | 2817 ||| DROPPING amulet of guardian spirit.
  2818 | D:3      | 2818 ||| READING 2 scrolls labelled UPPEQENOULL.
  2819 | D:3      | 2819 ||| READING scroll labelled LOJORIEWOG.
  2820 | D:3      | 2820 ||| DROPPING scroll of noise.
  2880 | D:4      | Reached skill level 6 in Ranged Weapons
  2880 | D:4      | Reached XP level 6. HP: 48/51 MP: 6/6
  2884 | D:4      | 2884 ||| STAIRDANCE
  3061 | D:4      | 3061 ||| STAIRDANCE
  3461 | D:4      | Reached skill level 7 in Ranged Weapons
  3563 | D:4      | 3563 ||| READING scroll of brand weapon.
  3563 | D:4      | 3563 ||| BRANDING +1 sling of electrocution.
  3607 | D:4      | Reached XP level 7. HP: 60/60 MP: 7/7
  3862 | D:4      | Reached skill level 8 in Ranged Weapons
  4244 | D:4      | 4244 ||| UPGRADING to +0 cloak.
  4249 | D:4      | 4249 ||| DRINKING 3 cyan potions.
  4249 | D:4      | Gained mutation: You have an increased reservoir of magic.
                  | (+10% MP) [potion of mutation]
  4258 | D:4      | 4258 ||| DRINKING 3 black potions.
  4259 | D:4      | 4259 ||| READING 2 scrolls of identify.
  4259 | D:4      | 4259 ||| IDENTIFYING bubbling grey potion
  4260 | D:4      | 4260 ||| DROPPING potion of attraction.
  4273 | D:5      | Entered Level 5 of the Dungeon
  4421 | D:5      | Found an opulent altar of Gozag.
  4493 | D:5      | Found a broken altar of Ashenzari.
  4507 | D:5      | Found Qibbucul's Armour Boutique.
  4515 | D:5      | 4515 ||| BUYING +1 leather armour of poison resistance (132
                  | gold).
  4515 | D:5      | Bought a +1 leather armour of poison resistance for 132
                  | gold pieces
  4515 | D:5      | 4515 ||| SHOPLISTING +1 ring mail of cold resistance (192
                  | gold, have 131).
  4515 | D:5      | 4515 ||| SHOPLISTING +1 swamp dragon scales (684 gold, have
                  | 131).
  4515 | D:5      | 4515 ||| SHOPLISTING +2 ring mail of willpower (252 gold,
                  | have 131).
  4515 | D:5      | 4515 ||| SHOPLISTING scarf of repulsion (144 gold, have
                  | 131).
  4603 | D:5      | Reached XP level 8. HP: 68/68 MP: 9/9
  4614 | D:5      | 4614 ||| Stepping ~*~*~tactically~*~*~ (outnumbered).
  4615 | D:5      | 4615 ||| Stepping ~*~*~tactically~*~*~ (outnumbered).
  4626 | D:5      | Reached skill level 9 in Ranged Weapons
  4924 | D:5      | Reached skill level 3 in Dodging
  4951 | D:5      | 4951 ||| Stepping ~*~*~tactically~*~*~ (outnumbered).
  5223 | D:5      | Found a staircase to the Ecumenical Temple.
  5224 | D:5      | 5224 ||| PLANNING TEMPLE
  5224 | D:5      | 5224 ||| UPGRADING to +1 leather armour of poison
                  | resistance.
  5234 | D:5      | 5234 ||| READING 2 scrolls labelled PASULOCRIN.
  5235 | D:5      | 5235 ||| READING scroll labelled DELLUS KISAOLO.
  5236 | D:5      | 5236 ||| DRINKING 2 glowing inky potions.
  5282 | D:5      | 5282 ||| DROPPING scroll of immolation.
  5283 | D:5      | 5283 ||| DROPPING potion of lignification.
  5292 | Temple   | Entered the Ecumenical Temple
  5448 | Temple   | 5448 ||| PLANNING D:1-11
  5682 | D:6      | Reached skill level 6 in Fighting
  6035 | D:6      | 6035 ||| SWAPPING to +0 orcbow.
  6036 | D:6      | 6036 ||| DROPPING +1 sling of freezing.
  6148 | D:6      | Reached skill level 10 in Ranged Weapons
  6420 | D:6      | 6420 ||| READING scroll labelled ZOSUEL WEIXESHEK.
  6421 | D:6      | 6421 ||| READING scroll labelled OSHYNW OGAE.
  6422 | D:6      | 6422 ||| READING 2 scrolls of identify.
  6422 | D:6      | 6422 ||| IDENTIFYING fizzy red potion
  6423 | D:6      | 6423 ||| DROPPING potion of berserk rage.
  6524 | D:7      | 6524 ||| Stepping ~*~*~tactically~*~*~ (outnumbered).
  6528 | D:7      | 6528 ||| Stepping ~*~*~tactically~*~*~ (outnumbered).
  6545 | D:7      | 6545 ||| FLEEEEING.
  6546 | D:7      | 6546 ||| FLEEEEING.
  6547 | D:7      | 6547 ||| FLEEEEING.
  6548 | D:7      | 6548 ||| FLEEEEING.
  6549 | D:7      | 6549 ||| FLEEEEING.
  6550 | D:7      | 6550 ||| FLEEEEING.
  6551 | D:7      | 6551 ||| FLEEEEING.
  6552 | D:7      | 6552 ||| FLEEEEING.
  6553 | D:7      | 6553 ||| FLEEEEING.
  6554 | D:7      | 6554 ||| FLEEEEING.
  6773 | D:7      | Reached XP level 9. HP: 73/79 MP: 10/10
  7033 | D:7      | Reached skill level 11 in Ranged Weapons
  7150 | D:7      | Found a shadowy altar of Dithmenos.
  7211 | D:7      | Found a hazy altar of Hepliaklqana.
  7417 | D:7      | 7417 ||| DRINKING 2 dark potions.
  7418 | D:7      | 7418 ||| DROPPING potion of degeneration.
  7484 | D:8      | 7484 ||| PLANNING OSSUARY
  7499 | D:8      | Noticed an ice statue
  7535 | D:8      | 7535 ||| FLEEEEING.
  7541 | D:8      | 7541 ||| FLEEEEING.
  7546 | D:8      | 7546 ||| STAIRDANCE
  7607 | D:8      | HP: 13/79 [ice beast[an ice statue] (10)]
  7610 | D:8      | HP: 3/79 [ice beast[an ice statue] (9)]
  7611 | D:8      | Mangled by an ice beast

Levels and vault maps discovered:
D:1:      minmay_arrival_glassed_features, layout_basic
D:2:      cheibrodos_fertilizer, layout_basic, basic_altar, serial_bayou_pond_b,
          minmay_misc_feat_rugged
D:3:      layout_loops_corners, ebering_ecumenical_altar_petrified,
          portal_sewer_entry_d, uniq_crazy_yiuf_cottage, uniq_jessica
D:4:      layout_basic
D:5:      layout_basic, mainiacjoe_overflow_chevrons, lemuel_doored_altar,
          lemuel_temple_firewalk_b, serial_shops, shop
D:6:      layout_loops_ring
D:7:      layout_loops_corners, riverfiend_overflow_shadow_ancestor
D:8:      lemuel_ice_statue, layout_loops_corners, ebering_ghost_xom,
          enter_ossuary_2, hangedman_abyss_or_decor_jellyfish_corner
Temple:   chequers_temple_sunken

Skill      XL: |  1  2  3  4  5  6  7  8  9 |
---------------+----------------------------+-----
Ranged Weapons | 3 4 5 6 7 8 10 11 | 11.3
Fighting       | 2 3 4 5 7 |  7.0
Armour         | 1 2 |  2.7
Dodging        | 4 5 |  5.1
Spellcasting   | |  1.0
Hexes          | |  2.0

Action                     |  1- 3 |  4- 6 |  7- 9 || total
---------------------------+-------+-------+-------++-------
   Fire: Sling             |   101 |   184 |   191 ||   476
         Orcbow            |       |       |   196 ||   196
    Use: Scroll            |       |     5 |     6 ||    11
         Potion            |       |     1 |     4 ||     5
 Armour: Robe              |     5 |     8 |       ||    13
         Ring mail         |       |    19 |    35 ||    54
         Leather armour    |       |       |    46 ||    46
  Dodge: Dodged            |    22 |    62 |   122 ||   206

Table legend:
 A = Non-vault XP
 B = Vault XP
 C = Vault XP percentage of total XP
 D = Non-vault monster count
 E = Vault monster count
 F = Vault count percentage of total count
                 A         B        C        D         E       F
            +---------+---------+-------+---------+---------+-------
      Total |    3590 |     177 |   4.7 |     148 |      22 |  12.9
            +---------+---------+-------+---------+---------+-------
        D:1 |      21 |       0 |   0.0 |      12 |       0 |   0.0
        D:2 |      97 |     127 |  56.7 |      28 |      20 |  41.7
        D:3 |      65 |      50 |  43.5 |      13 |       2 |  13.3
        D:4 |     710 |       0 |   0.0 |      31 |       0 |   0.0
        D:5 |     640 |       0 |   0.0 |      20 |       0 |   0.0
        D:6 |     629 |       0 |   0.0 |      14 |       0 |   0.0
        D:7 |    1428 |       0 |   0.0 |      30 |       0 |   0.0
            +---------+---------+-------+---------+---------+-------
